 Dungeon Crawl Stone Soup version 0.26.0-3-g156281e41b (webtiles) character file.

Game seed: 8779637369024780483

240 Froggeryz the Skirmisher (level 6, -9/60 HPs)
             Began as a Gargoyle Wanderer on Jan 9, 2021.
             Mangled by an ogre
             ... wielding a +0 giant spiked club
              (10 damage)
             ... on level 2 of the Dungeon.
             The game lasted 00:02:25 (1759 turns).

Froggeryz the Skirmisher (Gargoyle Wanderer)        Turns: 1759, Time: 00:02:26

Health: -9/60      AC: 23    Str: 16    XL:     6   Next: 8%
Magic:  15/15      EV:  2    Int: 13    God:
Gold:   57         SH:  0    Dex: 10    Spells: 4/5 levels left

rFire    . . .     SeeInvis .   i - +0 short sword (freeze)
rCold    . . .     Faith    .   (no shield)
rNeg     + + +     Spirit   .   (armour currently unavailable)
rPois    ∞         Reflect  .   (helmet currently unavailable)
rElec    .         Harm     .   (cloak currently unavailable)
rCorr    .         Rampage  .   (gloves currently unavailable)
Will     .....     NoTele   +   (boots currently unavailable)
Stlth    +.........             (no amulet)
HPRegen  0.20/turn              b - ring of magical power
MPRegen  0.14/turn              (no ring)

@: tree-form
A: negative energy resistance 1, petrification resistance, miasma immunity, AC
+4
a: no special abilities


You were on level 2 of the Dungeon.
You were a tree.
You visited 1 branch of the dungeon, and saw 2 of its levels.

You collected 57 gold pieces.

Inventory:

Hand Weapons
 i - a +0 short sword of freezing (weapon)
Armour
 k - a +2 ring mail of poison resistance (melded)
Jewellery
 b - a ring of magical power (left branch)
Scrolls
 a - 2 scrolls of identify {unknown}
 c - 2 scrolls of remove curse {unknown}
 e - a scroll of magic mapping {unknown}
 g - a scroll of teleportation {unknown}
 h - 2 scrolls of immolation {unknown}
Potions
 j - a potion of degeneration {unknown}


   Skills:
 + Level 5.0 Fighting
 - Level 2.0 Bows
 + Level 4.5 Armour
 - Level 1.1 Stealth
 - Level 1.1 Shields
 - Level 1.0 Ice Magic
 - Level 2.0 Poison Magic


You had 4 spell levels left.
You knew the following spells:

 Your Spells              Type           Power        Failure   Level
a - Sting                 Tmut/Pois      8%           21%         1

Your spell library contained the following spells:

 Spells                   Type           Power        Failure   Level
 Poisonous Vapours        Pois/Air       4%           30%         2
 Ignite Poison            Fire/Tmut/Pois 1%           58%         3
 Mephitic Cloud           Conj/Pois/Air  1%           58%         3
 Olgreb's Toxic Radiance  Pois           5%           80%         4


Dungeon Overview and Level Annotations

Branches:
Dungeon (2/15)

Altars:


Innate Abilities, Weirdness & Mutations

You are resistant to torment.
((Your stone body is resilient. (AC +4)))
You are immune to poison.
You resist negative energy. (rN+)
((You are resistant to electric shocks. (rElec)))
((You can survive without breathing.))
You are immune to petrification.
You are immune to miasma.


Message History

You feel very buoyant.
You fly up into the air.
The ogre barely misses you.
Okay, then.
Unknown command.
Really quaff the potion of lignification?
You turn into a tree.
Your +2 ring mail of poison resistance melds into your body.
Your roots penetrate the ground.
The ogre hits you with a +0 giant spiked club.
* * * LOW HITPOINT WARNING * * *
You barely miss the ogre.
The ogre is heavily wounded.
The ogre hits you with a +0 giant spiked club!
* * * LOW HITPOINT WARNING * * *
You hit the ogre. You freeze the ogre.
The ogre is severely wounded.
You hit the ogre. You freeze the ogre.
The ogre is severely wounded.
The ogre hits you with a +0 giant spiked club!
You die...

#....# #..#..............
#....####.................
#######.....................
#..................>.......[
######.####..#####(#.............
...†...# #####...........#.....#
...##### #......#########..# ...#
#.O....# #### ...# #.♣....# ...#
#......# <..# #......# ...#
#...>..# ...# #......# ####
########


You could see an ogre.

Vanquished Creatures
  Sigmund (D:2)
  Terence (D:2)
  An adder (D:2)
  An ooze (D:2)
  A worm (D:2)
  2 dart slugs
  7 bats
  5 giant cockroaches
  5 hobgoblins
  4 jackals (D:1)
  6 frilled lizards
  11 kobolds
  4 rats (D:1)
49 creatures vanquished.

Notes
Turn   | Place    | Note
-------+----------+-------------------------------------------
     0 | D:1      | Froggeryz the Gargoyle Wanderer began the quest for the
                  | Orb.
     0 | D:1      | Froggeryz set off with the following items: a +0 shortbow,
                  | 27 arrows, a potion of lignification, a +0 robe; and the
                  | following spell memorised: Sting; and the following spells
                  | available to memorise: Poisonous Vapours, Ignite Poison,
                  | Mephitic Cloud, Olgreb's Toxic Radiance
     0 | D:1      | Reached XP level 1. HP: 12/12 MP: 1/1
   296 | D:1      | Reached XP level 2. HP: 16/18 MP: 2/2
   485 | D:1      | Reached skill level 3 in Fighting
   544 | D:1      | Reached XP level 3. HP: 23/23 MP: 3/3
  1012 | D:2      | Reached XP level 4. HP: 21/28 MP: 4/4
  1122 | D:2      | Noticed Sigmund
  1146 | D:2      | Killed Sigmund
  1147 | D:2      | Reached skill level 4 in Fighting
  1147 | D:2      | Reached XP level 5. HP: 24/34 MP: 5/5
  1595 | D:2      | Noticed Terence
  1617 | D:2      | Killed Terence
  1618 | D:2      | Reached skill level 5 in Fighting
  1618 | D:2      | Reached XP level 6. HP: 27/40 MP: 6/6
  1757 | D:2      | HP: 1/60 [ogre/+0 giant spiked club (13)]
  1759 | D:2      | Mangled by an ogre

Illustrated notes

Levels and vault maps discovered:
D:1:      dpeg_arrival_solitude, layout_loops_ring
D:2:      layout_rooms, uniq_terence, uniq_sigmund

Skill      XL: |  1  2  3  4  5 |
---------------+----------------+-----
Armour         | 2 3 4 |  4.5
Fighting       | 3 4 5 |  5.0
Bows           | |  2.0
Stealth        | |  1.1
Shields        | |  1.1
Ice Magic      | |  1.0
Poison Magic   | |  2.0

Action                   |  1- 3 |  4- 6 || total
-------------------------+-------+-------++-------
Melee: Short sword       |    47 |    63 ||   110
 Fire: Shortbow          |    77 |       ||    77
  Use: Potion            |       |     3 ||     3
 Stab: Sleeping          |       |     1 ||     1
Armor: Leather armour    |    54 |     9 ||    63
       Skin              |       |     8 ||     8
Dodge: Dodged            |    68 |    22 ||    90
